 Dungeon Crawl Stone Soup version 0.22-a0-282-gdd34a7d (webtiles) character file.

3691 Hook the Magician (level 9, -4/66 HPs)
             Began as a Demonspawn Transmuter on Mar 16, 2018.
             Was a Believer of Wu Jian.
             Slain by a death yak (6 damage)
             ... on level 8 of the Dungeon on Mar 17, 2018.
             The game lasted 00:46:39 (11156 turns).

Hook the Magician (Demonspawn Transmuter)          Turns: 11156, Time: 00:46:40

Health: -4/66      AC:  6    Str: 18    XL:     9   Next: 90%
Magic:  12/19      EV: 23    Int: 15    God:    Wu Jian [**....]
Gold:   373        SH:  0    Dex: 19    Spells: 13/22 levels left

rFire    . . .     SeeInvis .     - Unarmed
rCold    . . .     Gourm    .   (shield currently unavailable)
rNeg     . . .     Faith    .   (armour currently unavailable)
rPois    x         Spirit   .   (helmet currently unavailable)
rElec    .         Reflect  .   (cloak currently unavailable)
rCorr    .         Harm     .   (gloves currently unavailable)
MR       +....                  (boots currently unavailable)
Stlth    ++........             (no amulet)
HPRegen  0.21/turn              n - ring of protection from magic
MPRegen  0.16/turn              i - +4 ring of protection

@: mighty, spider-form (expiring)
A: tiny, demonic guardian 1
a: End Transformation, Wall Jump, Renounce Religion


You were on level 8 of the Dungeon.
You worshipped Wu Jian.
Wu Jian was pleased with you.
You were not hungry.
You were a venomous arachnid creature.
You visited 2 branches of the dungeon, and saw 10 of its levels.

You collected 373 gold pieces.

Inventory:

Missiles
 a - 107 arrows
 e - 313 stones (quivered)
 F - 4 silver tomahawks
 N - a throwing net
 Q - 2 steel tomahawks
Armour
 b - a +0 robe
 f - a +1 robe
 z - a +0 leather armour
 L - a +1 robe of resistance (melded)
Jewellery
 i - a +4 ring of protection (right front leg)
 n - a ring of protection from magic (left front leg)
 t - an uncursed ring of see invisible
 C - an uncursed amulet of rage
 D - a +4 ring of slaying
 H - an uncursed ring of protection from cold {unknown}
Wands
 s - a wand of paralysis (26)
 O - a wand of enslavement (12)
 P - a wand of disintegration (12)
 R - a wand of acid (4)
Scrolls
 c - 2 scrolls of identify
 h - a scroll of enchant weapon {unknown}
 m - 5 scrolls of remove curse
 p - 2 scrolls of fog {unknown}
 q - a scroll of magic mapping {unknown}
 u - a scroll of random uselessness {unknown}
 x - 3 scrolls of enchant armour
 y - 3 scrolls of blinking {unknown}
 A - a scroll of immolation {unknown}
 B - 3 scrolls of teleportation
 I - a scroll of amnesia
Potions
 g - a potion of berserk rage
 j - 2 potions of ambrosia {unknown}
 k - 3 potions of brilliance {unknown}
 l - 3 potions of curing {unknown}
 r - 2 potions of flight {unknown}
 v - a potion of cancellation {unknown}
 w - 2 potions of heal wounds {unknown}
 E - a potion of haste {unknown}
 G - 2 potions of magic {unknown}
 J - a potion of lignification {unknown}
 K - a potion of degeneration {unknown}
 M - a potion of mutation {unknown}
Comestibles
 d - 12 rations


   Skills:
 * Level 4.6 Fighting
 + Level 0.4 Throwing
 + Level 1.1 Armour
 * Level 4.6 Dodging
 + Level 2.4 Stealth
 - Level 6.8 Unarmed Combat
 * Level 7.1 Spellcasting
 + Level 0.3 Hexes
 * Level 4.9 Transmutations
 - Level 4.0 Poison Magic


You had 13 spell levels left.
You knew the following spells:

 Your Spells              Type           Power        Failure   Level  Hunger
a - Beastly Appendage     Tmut           ###...       8%          1    None
b - Sticks to Snakes      Tmut           ###.....     10%         2    None
c - Spider Form           Tmut/Pois      ###.......   17%         3    ##.....
d - Ensorcelled Hibernat  Hex/Ice        #.....       38%         2    None
e - Magic Dart            Conj           #...         30%         1    None


Dungeon Overview and Level Annotations

Branches:
Dungeon (9/15)             Temple (1/1) D:5            Lair (0/6) D:9
    Orc: D:9-12

Altars:
Ashenzari
Fedhas
Hepliaklqana
Nemelex Xobeh
Okawaru
Ru
Trog
Vehumet
Wu Jian
Yredelemnul
The Shining One


Innate Abilities, Weirdness & Mutations

((You have sharp toenails.))
((You are mostly covered in large bone plates. (SH +6)))
A weak demonic guardian rushes to your aid.


Message History

* * * LOW HITPOINT WARNING * * *
The death yak gores you!
* * * LOW HITPOINT WARNING * * *
It was a potion of might.
You feel very mighty all of a sudden.
Your white imp barely misses the death yak.
The death yak misses you. The death yak gores you.
* * * LOW HITPOINT WARNING * * *
Okay, then.
Okay, then.
You hit the death yak but do no damage.
The death yak looks as sick as possible!
The death yak is severely wounded.
Your white imp hits the death yak.
Your white imp freezes the death yak.
Unknown command.
You bite the death yak!
The death yak looks as sick as possible!
The death yak is almost dead.
The death yak gores you.
You die...

#...##.#.........###)..#.....#...
.......'.........'.[.).#.........
#...##.#.........###...###...####
##.###.##.......## #.........# ##
######.###.....## ##.##.###.# #.
.......# ##...## #........# #.
.####### ##'## ####.##### #. .#
###.####### #.# ## .# #)...5YsY.#
#.# # .# #.#.#####.# #.# # .##
#....####.#####.# # ..#
#...............# ##
..########.....###.####### #>
...............# #.# ##
#.########.#######.# # #.#
#.........# #.# ###########


You could see 2 death yaks and a friendly white imp.

Vanquished Creatures
  The ghost of Anon1729 the Sneak, a novice DsFE of Ashenzari (D:7)
  The ghost of wazuzu the Chopper, an amateur NaBe of Trog (D:4)
  Prince Ribbit (D:5)
  A hippogriff (D:8)
  Sigmund (D:6)
  A spriggan (D:7)
  Menkaure (D:6)
  A water moccasin (D:7)
  A black bear (D:8)
  2 orc warriors
  4 phantoms
  An ogre (D:7)
  3 centaurs
  2 bullfrogs (D:7)
  3 scorpions
  A crimson imp (D:8)
  A hound (D:7)
  A bullfrog skeleton (D:6)
  5 orc wizards
  Terence (D:3)
  7 worker ants
  A hound skeleton (D:5)
  12 adders
  3 shadow imps
  An ooze (D:3)
  An adder zombie (D:8)
  4 worms
  3 dart slugs
  5 leopard geckos
  23 orcs
  A ball python (D:4)
  5 bats
  5 giant cockroaches
  4 goblins
  4 hobgoblins
  16 jackals
  5 quokkas
  3 frilled lizards
  4 kobolds
  2 leopard gecko skeletons (D:4)
  A leopard gecko zombie (D:5)
  2 quokka skeletons (D:5)
  8 rats
153 creatures vanquished.

Vanquished Creatures (collateral kills)
  Eustachio (D:4)
  An orc warrior (D:6)
  A sky beast (D:4)
  2 black bears
  A centaur (D:7)
  A bullfrog (D:9)
  A centaur skeleton (D:7)
  A worker ant (D:7)
  2 orcs
  A giant cockroach (D:4)
  A jackal (D:4)
  A bat (D:3)
  A kobold (D:3)
15 creatures vanquished.

Grand Total: 168 creatures vanquished

Notes
Turn   | Place    | Note
-------+----------+-------------------------------------------
     0 | D:1      | Hook the Demonspawn Transmuter began the quest for the Orb.
     0 | D:1      | Reached XP level 1. HP: 15/15 MP: 3/3
   357 | D:1      | Mutation became permanent: You have razor-sharp toenails. [demonic ancestry]
   357 | D:1      | Gained mutation: You have claws for feet. [demonic ancestry]
   357 | D:1      | Reached XP level 2. HP: 20/21 MP: 3/5
   717 | D:1      | Learned a level 2 spell: Sticks to Snakes
   989 | D:2      | Gained mutation: You are partially covered in large bone plates. (SH +4) [demonic ancestry]
   989 | D:2      | Reached XP level 3. HP: 22/26 MP: 2/6
  1680 | D:3      | Gained mutation: You are mostly covered in large bone plates. (SH +6) [demonic ancestry]
  1680 | D:3      | Reached XP level 4. HP: 32/32 MP: 5/8
  1694 | D:3      | Reached skill level 3 in Spellcasting
  1892 | D:3      | Learned a level 3 spell: Spider Form
  2056 | D:3      | Noticed Terence
  2071 | D:3      | Killed Terence
  2708 | D:4      | Noticed Eustachio
  2815 | D:4      | Reached XP level 5. HP: 27/37 MP: 7/10
  3011 | D:4      | Noticed wazuzu's ghost (amateur NaBe)
  3108 | D:4      | Killed Eustachio
  3491 | D:4      | Noticed a phantom
  3532 | D:4      | HP: 1/37 [wazuzu's ghost (4)]
  4025 | D:4      | Killed wazuzu's ghost
  4025 | D:4      | Reached skill level 4 in Spellcasting
  4025 | D:4      | Reached skill level 1 in Poison Magic
  4025 | D:4      | Reached XP level 6. HP: 44/44 MP: 4/12
  4113 | D:4      | Noticed a sky beast
  4175 | D:4      | Killed a sky beast
  4332 | D:4      | Reached XP level 7. HP: 48/50 MP: 8/13
  5022 | D:5      | Entered Level 5 of the Dungeon
  5025 | D:5      | Noticed Prince Ribbit
  5471 | D:5      | Found a staircase to the Ecumenical Temple.
  5480 | Temple   | Entered the Ecumenical Temple
  5484 | Temple   | Became a worshipper of the Wu Jian Council
  5544 | D:5      | Found a glowing golden altar of the Shining One.
  5549 | D:5      | Noticed an angel
  5564 | D:5      | Found a basalt altar of Yredelemnul.
  5568 | D:5      | Noticed a profane servitor
  5667 | D:5      | Found a faded altar of an unknown god.
  5667 | D:5      | Found a radiant altar of Vehumet.
  5672 | D:5      | Found a faded altar of an unknown god.
  5674 | D:5      | Found a sacrificial altar of Ru.
  5676 | D:5      | Found a shattered altar of Ashenzari.
  5746 | D:5      | Killed Prince Ribbit
  5746 | D:5      | Reached skill level 5 in Spellcasting
  5967 | D:5      | Gained mutation: A weak demonic guardian rushes to your aid. [demonic ancestry]
  5967 | D:5      | Reached XP level 8. HP: 50/57 MP: 11/15
  5977 | D:5      | Reached skill level 5 in Unarmed Combat
  6126 | D:5      | Upgraded the game from 0.22-a0-280-g69bf1f3 to 0.22-a0-282-gdd34a7d
  6416 | D:6      | Found a blossoming altar of Fedhas.
  6433 | D:6      | Noticed Sigmund
  6453 | D:6      | Killed Sigmund
  6453 | D:6      | Reached skill level 1 in Armour
  6801 | D:5      | Learned a level 2 spell: Ensorcelled Hibernation
  6813 | D:6      | Noticed Menkaure
  7087 | D:6      | Killed Menkaure
  7087 | D:6      | Reached * piety under Wu Jian
  7087 | D:6      | Reached skill level 1 in Stealth
  8268 | D:6      | Learned a level 1 spell: Magic Dart
  8374 | D:7      | Reached skill level 6 in Spellcasting
  8552 | D:7      | Noticed Anon1729's ghost (novice DsFE)
  8868 | D:7      | Reached XP level 9. HP: 47/65 MP: 15/18
  9142 | D:7      | Killed Anon1729's ghost
  9714 | D:7      | Reached ** piety under Wu Jian
 10206 | D:8      | Found a bloodstained altar of Trog.
 10827 | D:8      | Reached skill level 7 in Spellcasting
 11059 | D:9      | Found a staircase to the Lair.
 11059 | D:9      | Noticed a death yak
 11061 | D:9      | Noticed a death yak
 11154 | D:8      | HP: 2/66 [death yak (5)]
 11156 | D:8      | Slain by a death yak

Vault maps used:
D:1:      dpeg_arrival_rhombi, serial_bayou_lagoon_a,
          hangedman_decor_diamond_cutter, minmay_pentomino_q4
D:2:      first_ration
D:3:      uniq_terence
D:4:      gup_sewer_entry_bowl, uniq_eustachio
D:5:      grunt_temple_overflow_holy_war, chequers_temple_overflow_minitemple,
          minmay_temple_entry_junction_2, uniq_prince_ribbit1
D:6:      dk_noncrumbling_2, fedhas_altar_4, uniq_menkaure, uniq_sigmund
D:7:      the_bakery
D:8:      trog_ov_bears_minmay
D:9:      hangedman_cross_stitches, chequers_temple_overflow_statue_of_worship,
          dpeg_lair_monsters
Temple:   zaba_magenta_temple

Skill      XL: |  1  2  3  4  5  6  7  8  9 |
---------------+----------------------------+-----
Unarmed Combat | 3 4 6 |  6.8
Transmutations | 2 3 4 |  4.9
Dodging        | 2 3 4 |  4.6
Spellcasting   | 3 4 5 6 7 |  7.1
Fighting       | 2 3 4 |  4.6
Poison Magic   | 1 2 3 4 |  4.0
Armour         | 1 |  1.1
Stealth        | 1 2 |  2.4
Throwing       | |  0.4
Hexes          | |  0.3

Action                   |  1- 3 |  4- 6 |  7- 9 || total
-------------------------+-------+-------+-------++-------
Melee: Unarmed           |   110 |   136 |   399 ||   645
       Headbutt          |    13 |    14 |    34 ||    61
       Punch             |     1 |     2 |     2 ||     5
       Kick              |    18 |    29 |    58 ||   105
Throw: Stone             |       |     3 |    13 ||    16
 Cast: Beastly Appendage |    28 |    17 |    42 ||    87
       Sticks to Snakes  |     2 |    20 |    35 ||    57
       Spider Form       |       |       |    33 ||    33
       Magic Dart        |       |       |     3 ||     3
       Ensorcelled Hiber |       |       |     1 ||     1
Invok: Lunge             |       |       |    30 ||    30
       Whirlwind         |       |       |     8 ||     8
       Wall Jump         |       |       |    10 ||    10
  Use: Scroll            |     3 |     1 |     8 ||    12
       Potion            |       |     1 |     2 ||     3
 Stab: Sleeping          |       |     1 |     1 ||     2
       Distracted        |       |     2 |     4 ||     6
  Eat: Chunk             |     3 |       |     1 ||     4
       Ration            |       |     3 |     7 ||    10
Armor: Robe              |    21 |    30 |    18 ||    69
       Leather armour    |       |     9 |    20 ||    29
       Skin              |       |       |    22 ||    22
Dodge: Dodged            |    56 |    60 |   239 ||   355
Block: Other             |    12 |    30 |    56 ||    98

Table legend:
 A = Spawn XP
 B = Non-spawn XP
 C = Spawn XP percentage of total XP
 D = Spawn monster count
 E = Non-spawn monster count
 F = Spawn count percentage of total count
 G = Total turns spent on level
                    A         B        C        D         E        F      G
               +---------+---------+-------+---------+---------+-------+---------
         Total |       0 |    5274 |   0.0 |       0 |     168 |   0.0 | 11156
               +---------+---------+-------+---------+---------+-------+---------
           D:1 |       0 |      26 |   0.0 |       0 |      15 |   0.0 |   827
           D:2 |       0 |      51 |   0.0 |       0 |      13 |   0.0 |   762
           D:3 |       0 |     125 |   0.0 |       0 |      25 |   0.0 |  2287
           D:4 |       0 |     750 |   0.0 |       0 |      21 |   0.0 |  1146
           D:5 |       0 |     504 |   0.0 |       0 |      16 |   0.0 |  1624
           D:6 |       0 |     971 |   0.0 |       0 |      33 |   0.0 |  1885
           D:7 |       0 |    1604 |   0.0 |       0 |      28 |   0.0 |  1302
           D:8 |       0 |    1144 |   0.0 |       0 |      15 |   0.0 |  1280
           D:9 |       0 |      99 |   0.0 |       0 |       2 |   0.0 |    34
               +---------+---------+-------+---------+---------+-------+---------
